General information
- name: BNet
- type: Ladder team game (AT/RT)
- host: Battle.net
- saver: sc2no.wc4yes
map: Deadlock
- players: 8
- length: 18:23
- speed: Fast
- version: 1.26 W3XP
- replay type: Public
» download(181 KB)
Players
team 1 (loser)
darkwasp (
teal | 138 APM | 2539 actions | 18:23)
4 Mountain King
2 Storm Bolt
2 Bash
1 Paladin
1 Holy Light
» actions
| Assign group hotkey | 686 | |
| Basic commands | 22 | |
| Build / train | 46 | |
| Enter build submenu | 15 | |
| Enter hero's abilities submenu | 5 | |
| Right click | 1017 | |
| Select / deselect | 335 | |
| Select group hotkey | 359 | |
| Use ability | 54 | |
2539 total
» units
| Peasant | 19 | |
| Footman | 8 | |
| Gryphon Rider | 1 | |
28 total
» buildings
| Altar of Kings | 1 | |
| Farm | 6 | |
| Barracks | 1 | |
| Scout Tower | 4 | |
| Arcane Vault | 2 | |
| Arcane Tower | 1 | |
| Keep | 2 | |
| Blacksmith | 1 | |
| Lumber Mill | 1 | |
| Castle | 2 | |
| Gryphon Aviary | 2 | |
| Guard Tower | 3 | |
26 total
» build order
00:33 Altar of Kings
00:41 Farm
00:49 Barracks
02:02 Farm
02:11 Scout Tower
02:18 Arcane Vault
02:40 Arcane Tower
04:05 Keep
04:07 Farm
04:39 Farm
04:43 Blacksmith
06:04 Lumber Mill
06:07 Farm
06:07 Farm
06:55 Castle
06:56 Castle
07:41 Gryphon Aviary
07:42 Gryphon Aviary
13:14 Arcane Vault
13:40 Scout Tower
13:55 Scout Tower
13:58 Scout Tower
14:13 Guard Tower
14:14 Guard Tower
14:14 Guard Tower
» items
| Circlet of Nobility | 1 | |
| Scroll of Regeneration | 1 | |
| Lesser Clarity Potion | 1 | |
3 total

»
sc2no.wc4yes (
yellow | 79 APM | 1451 actions | 18:23)
6 Archmage
3 Blizzard
2 Brilliance Aura
1 Mass Teleport
» actions
| Assign group hotkey | 146 | |
| Basic commands | 24 | |
| Build / train | 85 | |
| ESC pressed | 4 | |
| Enter build submenu | 37 | |
| Enter hero's abilities submenu | 6 | |
| Give item / drop item | 1 | |
| Right click | 509 | |
| Select / deselect | 201 | |
| Select group hotkey | 347 | |
| Use ability | 91 | |
1451 total
» units
» upgrades
| Lumber Harvesting | 2 | |
| Storm Hammers | 1 | |
| Swords | 3 | |
| Armor | 2 | |
| Masonry | 1 | |
9 total
» buildings
| Altar of Kings | 1 | |
| Farm | 12 | |
| Lumber Mill | 2 | |
| Scout Tower | 15 | |
| Arcane Tower | 3 | |
| Guard Tower | 9 | |
| Keep | 1 | |
| Town Hall | 1 | |
| Castle | 1 | |
| Blacksmith | 1 | |
| Arcane Sanctum | 1 | |
| Gryphon Aviary | 3 | |
| Arcane Vault | 1 | |
51 total
» build order
00:11 Altar of Kings
00:18 Farm
00:48 Farm
00:52 Lumber Mill
01:38 Scout Tower
02:07 Arcane Tower
02:23 Scout Tower
03:02 Guard Tower
03:05 Farm
03:23 Scout Tower
03:57 Guard Tower
05:03 Keep
05:05 Town Hall
05:07 Scout Tower
05:07 Scout Tower
05:08 Scout Tower
05:09 Scout Tower
05:09 Scout Tower
05:38 Guard Tower
07:11 Arcane Tower
07:27 Arcane Tower
07:49 Castle
07:51 Blacksmith
08:03 Guard Tower
08:12 Farm
08:13 Farm
08:14 Farm
08:45 Scout Tower
08:46 Scout Tower
08:46 Scout Tower
09:01 Scout Tower
09:02 Scout Tower
09:03 Scout Tower
09:16 Guard Tower
09:18 Guard Tower
09:35 Guard Tower
09:38 Lumber Mill
10:00 Arcane Sanctum
10:05 Gryphon Aviary
10:07 Gryphon Aviary
10:44 Gryphon Aviary
11:02 Farm
11:03 Farm
13:03 Farm
13:04 Farm
14:00 Arcane Vault
14:03 Scout Tower
14:07 Farm
14:08 Farm
» items
| Boots of Speed | 1 | |
| Staff of Teleportation | 1 | |
| Lesser Clarity Potion | 1 | |
| Scroll of Regeneration | 4 | |
| Ivory Tower | 5 | |
| Scroll of Town Portal | 3 | |
| Potion of Invisibility | 1 | |
| Potion of Healing | 1 | |
| Staff of Sanctuary | 1 | |
18 total
thatbk423 (
purple | 56 APM | 994 actions | 17:49)
3 Death Knight
2 Death Coil
1 Unholy Aura
2 Dark Ranger
1 Silence
1 Black Arrow
» actions
| Assign group hotkey | 22 | |
| Basic commands | 139 | |
| Build / train | 35 | |
| ESC pressed | 10 | |
| Enter build submenu | 16 | |
| Enter hero's abilities submenu | 5 | |
| Right click | 359 | |
| Select / deselect | 156 | |
| Select group hotkey | 217 | |
| Use ability | 35 | |
994 total
» units
| Acolyte | 2 | |
| Ghoul | 3 | |
| Crypt Fiend | 10 | |
| Frost Wyrm | 3 | |
18 total
» upgrades
| Creature Attack | 2 | |
| Web | 1 | |
| Creature Carapace | 1 | |
| Freezing Breath | 1 | |
5 total
» buildings
| Altar of Darkness | 1 | |
| Ziggurat | 5 | |
| Crypt | 1 | |
| Graveyard | 1 | |
| Halls of the Dead | 2 | |
| Black Citadel | 1 | |
| Sacrificial Pit | 1 | |
| Boneyard | 2 | |
| Tomb of Relics | 1 | |
| Necropolis | 1 | |
16 total
» build order
00:13 Altar of Darkness
00:17 Ziggurat
00:34 Crypt
01:02 Graveyard
01:18 Ziggurat
02:51 Halls of the Dead
04:12 Ziggurat
05:41 Black Citadel
05:44 Ziggurat
08:10 Sacrificial Pit
09:45 Boneyard
09:48 Boneyard
09:52 Tomb of Relics
11:49 Ziggurat
13:20 Necropolis
16:41 Halls of the Dead
» items
KiLLa_K_ (
orange | 83 APM | 1478 actions | 17:43)
3 Archmage
2 Summon Water Elemental
1 Brilliance Aura
2 Mountain King
1 Storm Bolt
1 Bash
» actions
| Assign group hotkey | 4 | |
| Basic commands | 16 | |
| Build / train | 63 | |
| Enter build submenu | 19 | |
| Enter hero's abilities submenu | 5 | |
| Give item / drop item | 1 | |
| Right click | 977 | |
| Select / deselect | 286 | |
| Select group hotkey | 4 | |
| Use ability | 103 | |
1478 total
» units
| Peasant | 21 | |
| Footman | 13 | |
| Sorceress | 2 | |
| Spell Breaker | 1 | |
| Rifleman | 8 | |
| Priest | 1 | |
46 total
» upgrades
» buildings
| Altar of Kings | 1 | |
| Barracks | 1 | |
| Farm | 8 | |
| Lumber Mill | 1 | |
| Scout Tower | 1 | |
| Arcane Tower | 3 | |
| Keep | 1 | |
| Arcane Vault | 2 | |
| Arcane Sanctum | 2 | |
| Blacksmith | 1 | |
| Town Hall | 1 | |
22 total
» build order
00:07 Altar of Kings
00:21 Barracks
00:37 Farm
01:07 Farm
01:19 Lumber Mill
01:50 Scout Tower
02:09 Farm
02:25 Arcane Tower
02:26 Arcane Tower
04:00 Keep
04:05 Arcane Vault
04:21 Farm
08:45 Arcane Sanctum
09:01 Arcane Sanctum
09:35 Arcane Vault
09:45 Farm
09:45 Farm
09:51 Farm
09:52 Farm
10:18 Blacksmith
12:44 Town Hall
» items
| Scroll of Regeneration | 2 | |
| Lesser Clarity Potion | 1 | |
| Scroll of Town Portal | 1 | |
4 total
team 2 (winner)

»
FrogS (
red | 154 APM | 2838 actions | 18:23)
5 Tauren Chieftain
3 War Stomp
2 Endurance Aura
» actions
| Assign group hotkey | 41 | |
| Basic commands | 27 | |
| Build / train | 60 | |
| ESC pressed | 7 | |
| Enter build submenu | 16 | |
| Enter hero's abilities submenu | 5 | |
| Right click | 1144 | |
| Select / deselect | 425 | |
| Select group hotkey | 994 | |
| Use ability | 119 | |
2838 total
» units
| Peon | 7 | |
| Grunt | 11 | |
| Wind Rider | 1 | |
| Raider | 13 | |
| Troll Batrider | 3 | |
35 total
» upgrades
| Pillage | 1 | |
| Ensnare | 1 | |
| Melee Weapons | 2 | |
| Armor | 2 | |
| Reinforced Defenses | 1 | |
7 total
» buildings
| Altar of Storms | 1 | |
| Orc Burrow | 6 | |
| Barracks | 2 | |
| Voodoo Lounge | 1 | |
| Stronghold | 1 | |
| War Mill | 1 | |
| Beastiary | 2 | |
| Fortress | 1 | |
| Great Hall | 1 | |
16 total
» build order
00:04 Altar of Storms
00:20 Orc Burrow
00:50 Barracks
01:28 Orc Burrow
01:56 Barracks
02:14 Orc Burrow
03:13 Voodoo Lounge
05:50 Stronghold
07:05 War Mill
08:15 Beastiary
08:16 Beastiary
09:59 Fortress
10:30 Orc Burrow
13:45 Orc Burrow
13:48 Orc Burrow
15:34 Great Hall
» items
| Healing Salve | 3 | |
| Lesser Clarity Potion | 1 | |
| Scroll of Town Portal | 2 | |
| Scroll of Speed | 1 | |
7 total
Marty_Friedman (
green | 47 APM | 856 actions | 18:23)
3 Mountain King
2 Storm Bolt
1 Bash
» actions
| Basic commands | 4 | |
| Build / train | 86 | |
| Enter build submenu | 16 | |
| Enter hero's abilities submenu | 3 | |
| Right click | 429 | |
| Select / deselect | 275 | |
| Use ability | 42 | |
856 total
» units
| Peasant | 31 | |
| Footman | 17 | |
| Priest | 5 | |
| Knight | 2 | |
55 total
» upgrades
| Defend | 1 | |
| Masonry | 2 | |
| Plating | 2 | |
| Swords | 1 | |
| Magic Sentry | 1 | |
| Priest Training | 2 | |
| Lumber Harvesting | 2 | |
11 total
» buildings
| Altar of Kings | 1 | |
| Barracks | 2 | |
| Farm | 5 | |
| Lumber Mill | 1 | |
| Blacksmith | 1 | |
| Scout Tower | 5 | |
| Guard Tower | 5 | |
| Arcane Vault | 1 | |
| Arcane Tower | 2 | |
| Keep | 1 | |
| Arcane Sanctum | 1 | |
| Castle | 1 | |
26 total
» build order
00:08 Altar of Kings
00:09 Barracks
00:11 Farm
00:54 Farm
01:34 Farm
02:17 Farm
03:20 Lumber Mill
03:25 Blacksmith
04:13 Scout Tower
04:14 Scout Tower
04:42 Guard Tower
04:52 Scout Tower
05:07 Guard Tower
05:14 Arcane Vault
05:35 Arcane Tower
06:59 Keep
07:50 Farm
09:02 Scout Tower
09:05 Scout Tower
09:55 Arcane Tower
09:57 Guard Tower
11:31 Arcane Sanctum
14:13 Guard Tower
14:27 Guard Tower
14:31 Castle
17:01 Barracks
» items

»
Lazy_Dane3 (
blue | 41 APM | 753 actions | 18:23)
7 Death Knight
3 Death Coil
3 Unholy Aura
1 Animate Dead
» actions
| Basic commands | 7 | |
| Build / train | 43 | |
| Enter build submenu | 13 | |
| Enter hero's abilities submenu | 7 | |
| Right click | 425 | |
| Select / deselect | 231 | |
| Use ability | 27 | |
753 total
» units
| Acolyte | 7 | |
| Ghoul | 13 | |
| Obsidian Statue | 5 | |
25 total
» upgrades
| Creature Attack | 3 | |
| Destroyer Form | 1 | |
| Creature Carapace | 1 | |
5 total
» buildings
| Altar of Darkness | 1 | |
| Ziggurat | 8 | |
| Crypt | 1 | |
| Graveyard | 1 | |
| Halls of the Dead | 1 | |
| Tomb of Relics | 1 | |
| Slaughterhouse | 2 | |
| Black Citadel | 1 | |
| Nerubian Tower | 1 | |
| Spirit Tower | 1 | |
18 total
» build order
00:08 Altar of Darkness
00:11 Ziggurat
00:32 Crypt
01:06 Ziggurat
02:25 Graveyard
02:27 Ziggurat
02:28 Ziggurat
04:48 Halls of the Dead
06:57 Ziggurat
07:01 Ziggurat
07:02 Tomb of Relics
07:29 Slaughterhouse
07:30 Slaughterhouse
08:00 Black Citadel
08:46 Nerubian Tower
08:48 Spirit Tower
15:18 Ziggurat
15:19 Ziggurat
» items
jackazz (
pink | 72 APM | 1322 actions | 18:23)
6 Tauren Chieftain
3 War Stomp
3 Endurance Aura
2 Naga Sea Witch
1 Frost Arrows
1 Forked Lightning
» actions
| Assign group hotkey | 115 | |
| Basic commands | 4 | |
| Build / train | 67 | |
| Enter build submenu | 20 | |
| Enter hero's abilities submenu | 8 | |
| Give item / drop item | 1 | |
| Right click | 765 | |
| Select / deselect | 247 | |
| Select group hotkey | 20 | |
| Use ability | 75 | |
1322 total
» units
| Peon | 9 | |
| Troll Headhunter/Berserker | 17 | |
| Demolisher | 2 | |
| Shaman | 2 | |
30 total
» upgrades
| Ranged Weapons | 3 | |
| Shaman Training | 2 | |
| Troll Regeneration | 1 | |
| Berserker Upgrade | 1 | |
| Armor | 1 | |
| Burning Oil | 1 | |
| Reinforced Defenses | 1 | |
10 total
» buildings
| Altar of Storms | 1 | |
| Orc Burrow | 8 | |
| War Mill | 1 | |
| Voodoo Lounge | 2 | |
| Barracks | 1 | |
| Stronghold | 1 | |
| Spirit Lodge | 1 | |
| Fortress | 1 | |
| Beastiary | 2 | |
18 total
» build order
00:12 Altar of Storms
00:16 Orc Burrow
00:46 War Mill
01:03 Voodoo Lounge
01:24 Barracks
01:43 Voodoo Lounge
02:16 Orc Burrow
03:12 Orc Burrow
04:10 Stronghold
07:02 Spirit Lodge
08:39 Orc Burrow
08:40 Fortress
11:32 Orc Burrow
13:50 Beastiary
13:56 Beastiary
15:33 Orc Burrow
16:22 Orc Burrow
16:55 Orc Burrow
» items
| Healing Salve | 2 | |
| Lesser Clarity Potion | 5 | |
| Scroll of Speed | 1 | |
| Scroll of Town Portal | 1 | |
| Staff of Teleportation | 1 | |
10 total
Chat log
(00:08 / All) jackazz: Wc4 would be leet
(00:11 / All) KiLLa_K_: elloooo gay boy
(00:27 / All) sc2no.wc4yes: i hope there are avatars in wc4
(00:34 / All) jackazz: avatars/
(00:35 / All) sc2no.wc4yes: and you can select theri haircut and lip gloss color and so on
(00:36 / All) jackazz: u mean icons?
(00:39 / All) jackazz: lol
(00:44 / All) darkwasp: no he means avatars
(00:51 / Allies) KiLLa_K_: lol
(00:54 / All) jackazz: i hope there IS a wc4
(00:54 / Allies) KiLLa_K_: what r we doing
(00:57 / All) sc2no.wc4yes: avatars are the future of gaming
(01:01 / All) darkwasp: no way
(01:08 / All) darkwasp: its all about staircraft 2
(01:14 / All) FrogS: Staircraft lol
(01:16 / All) sc2no.wc4yes: name one game made int he last 10 years where you cant buy hats and haircuts and so on
(01:20 / All) sc2no.wc4yes: you cant can you
(02:35 / All) KiLLa_K_: come frogs
(02:35 / All) FrogS: am harass lol
(02:37 / All) KiLLa_K_: battle me
(02:43 / Allies) sc2no.wc4yes: skip that base
(02:45 / All) KiLLa_K_: am harrase working nub
(02:45 / Allies) sc2no.wc4yes: frogs is an old hand
(02:51 / Allies) sc2no.wc4yes: you wont do much damage there
(03:28 / Allies) thatbk423: i've been playing ladder since '06
(03:32 / Allies) sc2no.wc4yes: newb
(03:35 / Allies) sc2no.wc4yes: frogs since 2001
(03:46 / All) KiLLa_K_: blue gtfo
(03:47 / All) FrogS: nice footie
(03:51 / All) KiLLa_K_: lol nice mana bitch
(03:57 / All) FrogS: LOL?
(04:09 / Allies) sc2no.wc4yes: this guy is more susceptible to harass
(04:48 / Allies) KiLLa_K_: come purp
(07:14 / Allies) sc2no.wc4yes: its 3v3 down there
(07:16 / Allies) sc2no.wc4yes: dont let me down
(07:17 / All) FrogS: G
(07:18 / All) FrogS: G
(07:25 / All) KiLLa_K_: lol nobas red
(07:29 / All) FrogS: raped
(07:32 / All) FrogS: DOMINNATEDDD
(07:34 / All) jackazz: hes a nerd
(07:39 / All) jackazz: he knows this
(07:50 / All) FrogS: DOMINATIONN
(07:58 / All) FrogS: Come am
(07:59 / All) FrogS: Come get some
(08:04 / All) FrogS: owned by tc
(08:05 / All) FrogS: OWNED
(08:06 / All) FrogS: OWNED
(08:09 / All) FrogS: Almosttt
(08:11 / All) KiLLa_K_: lol nice bolt bitch
(08:18 / All) Lazy_Dane3: nice water eles at the start
(08:26 / All) KiLLa_K_: lol ty
(08:36 / All) Lazy_Dane3: jesus christ, im getting so many intel tomes lol
(08:51 / Allies) KiLLa_K_: gold me
(08:57 / All) FrogS: come get some orange
(09:05 / All) FrogS: LOOK AT DK
(09:05 / All) FrogS: STUN DK
(09:08 / All) FrogS: GREEN WTF
(09:09 / Allies) sc2no.wc4yes: whole team sucks ass hard
(09:11 / All) KiLLa_K_: come stun me green
(09:15 / All) KiLLa_K_: so red can think hes good
(09:21 / All) KiLLa_K_: lLOLO!L
(09:28 / All) Lazy_Dane3: yellows going hardcore tower/tank isnt he?
(09:31 / All) FrogS: u r getting dominated
(09:39 / All) KiLLa_K_: ur going to lose
(09:43 / All) sc2no.wc4yes: ive never seen a team of 30 apmers
(09:44 / All) sc2no.wc4yes: with all dead peons
(09:46 / All) sc2no.wc4yes: talk so much trash
(09:48 / All) sc2no.wc4yes: as my team
(10:05 / All) FrogS: Orange is getting dominated
(10:11 / All) KiLLa_K_: lololol
(10:12 / All) sc2no.wc4yes: he thinks hes owning you
(10:18 / All) FrogS: nobody can own the frog
(10:23 / All) Lazy_Dane3: all oj does is run his am around
(10:25 / All) KiLLa_K_: frog da nerd
(10:37 / All) KiLLa_K_: all u gay boys do is target him so why not nubcakes?
(10:39 / All) KiLLa_K_: ehhh?
(10:52 / All) Lazy_Dane3: cause im having a hell of a time watching it run :)
(11:08 / All) FrogS: come get some oj
(11:57 / All) Lazy_Dane3: god, not that am routine
(12:09 / Allies) KiLLa_K_: yellow u trying to say were bad?
(12:10 / Allies) KiLLa_K_: before?
(12:13 / Allies) KiLLa_K_: didt know who u were talking to
(12:14 / Allies) sc2no.wc4yes: yes
(12:16 / Allies) KiLLa_K_: but i hope it wasnt us
(12:17 / Allies) KiLLa_K_: lmao
(12:23 / Allies) KiLLa_K_: u havent done dick son
(12:24 / Allies) sc2no.wc4yes: u guys got reamed 3v3
(12:26 / Allies) KiLLa_K_: u call us bad
(12:36 / Allies) KiLLa_K_: ur an idiot as well
(12:37 / Allies) KiLLa_K_: good to know
(12:46 / Allies) sc2no.wc4yes: dark wasp
(12:47 / Allies) sc2no.wc4yes: just mass towers
(12:53 / Allies) sc2no.wc4yes: so you arent a living breathing xp tome
(13:00 / Allies) darkwasp: woah
(13:09 / All) KiLLa_K_: tp bitc
(13:09 / All) KiLLa_K_: tp
(13:10 / All) KiLLa_K_: tp
(13:10 / All) KiLLa_K_: tp
(13:13 / All) KiLLa_K_: goodboy
(13:14 / All) FrogS: Dominated
(13:25 / All) KiLLa_K_: why not attack me bitch
(13:35 / All) FrogS: Bcuz raiders dont beat casters
(14:06 / Allies) KiLLa_K_: yellow why dont u start doing osmerthing helpful please
(14:12 / All) FrogS: r u stuck teal? lol
(14:13 / Allies) KiLLa_K_: instead of hating on your own team while u do shit
(14:15 / Allies) sc2no.wc4yes: u guys aregetting reamed 3v34
(14:18 / Allies) sc2no.wc4yes: 3v3
(14:22 / Allies) sc2no.wc4yes: dont ask me to carry you
(14:24 / Allies) KiLLa_K_: please quiet down
(14:27 / Allies) sc2no.wc4yes: i hate carrying
(14:57 / All) FrogS: DOminated
(15:09 / Allies) KiLLa_K_: whos got aa
(15:10 / Allies) KiLLa_K_: not yellow
(15:12 / Allies) KiLLa_K_: with mad expos
(16:19 / All) Lazy_Dane3: i think we made a fair trade oj
(16:23 / All) sc2no.wc4yes: no
(16:24 / Allies) KiLLa_K_: lol yellow
(16:26 / All) sc2no.wc4yes: he "made you run"
(16:26 / Allies) KiLLa_K_: u doing anything fuck boy
(16:27 / All) Lazy_Dane3: most of your shit and a hero for my hero
(16:36 / Allies) KiLLa_K_: lol yellow did u see anyhting?
(16:38 / Allies) KiLLa_K_: ur so bad son
(16:41 / All) KiLLa_K_: yellow taling shit to us
(16:45 / All) KiLLa_K_: when hes helping u niggs out
(16:47 / All) KiLLa_K_: more than us
(17:12 / All) KiLLa_K_: mass des owns hu
(17:13 / All) KiLLa_K_: u know that
(17:17 / All) KiLLa_K_: nigga yellow does nothing all game
(17:18 / All) KiLLa_K_: lmao
(17:22 / All) KiLLa_K_: thinks hes best on this team
(17:23 / All) Lazy_Dane3: i hardly call 8 dessies mass
(17:24 / All) KiLLa_K_: mass grpyhs
(17:27 / All) KiLLa_K_: not even healping
(17:31 / All) KiLLa_K_: plesae
(17:32 / All) KiLLa_K_: stfu son
(17:35 / All) KiLLa_K_: u think ur good to
(17:42 / All) KiLLa_K_: shits funny
(18:06 / All) sc2no.wc4yes: should have left when i saw that elemental harass
(18:21 / All) Lazy_Dane3: lol